AoeStats
← Lunch Cyborg

Black Forest

503305828Analyzed
4v4 RM · 1mo ago on Aug 31, 2026· 49m 28s· 8 players
Game mode
Random Map
Map size
Large (8 player)
Population
200
Speed
Normal
Resources
Standard
Victory
Conquest
Starting age
Dark Age
Ending age
Imperial Age
RankedLock teamsTeams togetherTeam positionsShared explorationLock speedFull tech treeHidden civsTurbo modeCheats
Victory
Defeat
🇺🇸 Hindustanis · United States
783
+12
🇺🇸 Romans · United States
769
+13
🇺🇸 Inca · United States
719
+15
🇺🇸 Persians · United States
705
+16
🇨🇴 Turks · Colombia
761
-17
🇦🇷 Persians · Argentina
690
-14
🇨🇱 Lithuanians · Chile
689
-13
🇨🇱 Teutons · Chile
666
-12
Taskmashiro
8:17 Loom
11:12 Feudal Age
18:08 Castle Age
16:52 Double-Bit Axe
17:42 Gold Mining
23:49 Wheelbarrow
29:53 Imperial Age
28:06 Horse Collar
30:39 Hand Cart
32:10 Bow Saw
33:55 Stone Mining
36:09 Two-Man Saw
35:23 Elite Leitis
36:56 Forging
37:49 Heavy Plow
42:44 Chemistry
42:27 Fortified Wall
44:31 Onager
estebanlozanop
0:27 Loom
16:51 Feudal Age
18:13 Wheelbarrow
25:39 Castle Age
24:17 Double-Bit Axe
26:56 Town Watch
30:48 Caravan
37:48 Imperial Age
36:35 Ballistics
36:01 Treadmill Crane
36:33 Fortified Wall
37:16 Bow Saw
38:11 Murder Holes
38:29 Masonry
38:50 Artillery
39:01 Horse Collar
40:00 Conscription
44:38 Hand Cart
Bergoglio
7:29 Loom
16:17 Feudal Age
16:42 Horse Collar
16:48 Double-Bit Axe
18:47 Gold Mining
19:42 Man-at-Arms
23:58 Castle Age
22:18 Stone Mining
25:16 Stone Shaft Mining
24:42 Heavy Plow
24:55 Bow Saw
28:08 Gold Shaft Mining
29:56 Fletching
30:07 Padded Archer Armor
30:18 Forging
30:09 Scale Mail Armor
30:14 Scale Barding Armor
31:13 Caravan
31:25 Crossbowman
32:11 Thumb Ring
32:22 Husbandry
32:32 Bloodlines
31:48 Long Swordsman
33:18 Wheelbarrow
32:59 Bodkin Arrow
33:45 Kamandaran
34:44 Town Watch
35:28 Arson
36:17 Parthian Tactics
36:31 Ballistics
37:49 Leather Archer Armor
37:58 Chain Barding Armor
40:51 Imperial Age
40:26 Hand Cart
40:11 Town Patrol
42:11 Conscription
41:17 Cavalier
42:32 Crop Rotation
43:06 Two-Man Saw
43:27 Chemistry
42:59 Ring Archer Armor
43:06 Plate Barding Armor
43:07 Iron Casting
44:59 Heavy Cavalry Archer
45:34 Pikeman
Matx108
6:00 Loom
9:48 Feudal Age
14:38 Double-Bit Axe
19:15 Castle Age
20:17 Horse Collar
21:01 Double-Bit Axe
23:05 Bow Saw
23:23 Heavy Plow
24:30 Crossbowman
30:51 Imperial Age
30:26 Gold Mining
32:49 Crop Rotation
33:20 Two-Man Saw
33:05 Stone Mining
34:25 Chemistry
34:02 Ballistics
36:41 Stone Shaft Mining
41:10 Wheelbarrow
40:21 Town Watch
42:38 Pikeman
theBEAR1836
0:43 Loom
12:28 Feudal Age
12:45 Man-at-Arms
14:04 Double-Bit Axe
19:55 Horse Collar
25:18 Castle Age
24:34 Wheelbarrow
25:28 Gold Mining
25:30 Stone Mining
25:51 Scale Barding Armor
32:55 Gold Shaft Mining
32:41 Crossbowman
37:09 Imperial Age
35:10 Squires
35:33 Husbandry
35:51 Bloodlines
36:50 Chain Barding Armor
36:24 Elite Skirmisher
36:32 Light Cavalry
38:09 Hand Cart
39:11 Conscription
41:58 Hussar
44:12 Kamandaran
Lunch Cyborg
0:28 Loom
13:20 Feudal Age
13:41 Horse Collar
13:47 Double-Bit Axe
20:32 Castle Age
21:36 Heavy Plow
21:47 Bow Saw
25:11 Wheelbarrow
26:50 Hand Cart
34:51 Imperial Age
33:18 Caravan
35:15 Thumb Ring
35:48 Padded Archer Armor
35:49 Scale Mail Armor
36:00 Forging
36:44 Andean Sling
37:31 Elite Kamayuk
38:50 Leather Archer Armor
38:53 Chain Mail Armor
39:26 Iron Casting
39:34 Fabric Shields
40:16 Ring Archer Armor
43:00 Blast Furnace
42:59 Conscription
43:52 Arson
44:08 Squires
Spartan 585
0:27 Loom
14:24 Feudal Age
15:43 Wheelbarrow
15:04 Horse Collar
15:16 Double-Bit Axe
19:33 Gold Mining
19:36 Stone Mining
23:48 Castle Age
24:56 Hand Cart
24:46 Heavy Plow
25:00 Bow Saw
25:31 Gold Shaft Mining
25:35 Stone Shaft Mining
32:54 Imperial Age
31:01 Scale Barding Armor
31:02 Padded Archer Armor
33:19 Forging
33:30 Chain Barding Armor
33:27 Leather Archer Armor
34:35 Chemistry
33:57 Ballistics
34:25 Husbandry
34:35 Bloodlines
35:11 Heavy Camel Rider
35:15 Light Cavalry
37:03 Plate Barding Armor
37:03 Iron Casting
37:40 Two-Man Saw
37:12 Conscription
37:47 Shatagni
37:46 Imperial Camel Rider
38:50 Caravan
38:58 Murder Holes
39:14 Fortified Wall
41:14 Siege Engineers
NutmegCypress
0:30 Loom
12:39 Feudal Age
13:32 Double-Bit Axe
16:41 Horse Collar
18:07 Wheelbarrow
21:57 Castle Age
20:19 Gold Mining
20:20 Stone Mining
23:32 Bow Saw
23:25 Heavy Plow
27:12 Town Watch
28:47 Fortified Wall
32:49 Imperial Age
32:10 Hand Cart
32:50 Hand Cart
33:01 Pikeman
34:54 Gold Shaft Mining
35:53 Heavy Scorpion
37:42 Chemistry
37:05 Ballistas
38:57 Siege Engineers
39:15 Ballistics
38:57 Murder Holes
40:27 Halberdier
42:56 Conscription
Connection lost

Rejoining the realm…

Still unreachable

The connection could not be restored.

Session expired

The server has moved on; the page needs a fresh start.